PIO (24 & UNDER)
CHULA VISTA TACOS @ SURREY SINNERS
06/22/2029
 
TOP OF THE 1ST
Chula Vista Tacos batting - Pitching for Surrey Sinners : LHP Cedric Duncan
Pitching: LHP Cedric Duncan
Batting: SHB Tony Varela 0-0: Ball
1-0: Ball
2-0: Ball
3-0: Base on Balls
Batting: RHB Kevin Wilson 0-0: Ball
1-0: Ball
2-0: Ball
3-0: Called Strike
3-1: Base on Balls
Tony Varela to second
Batting: RHB Ron Garrett 0-0: Ball
1-0: Ball
2-0: Called Strike
2-1: Ball
3-1: Base on Balls
Tony Varela to third
Kevin Wilson to second
Batting: RHB Germán Ontiveros 0-0: Foul Ball, location: 2F
0-1: Ball
1-1: Foul Ball, location: 2F
1-2: Strikes out swinging
Batting: LHB Vernon Hill 0-0: Ball
1-0: Ball
2-0: Foul Ball, location: 2F
2-1: Swinging Strike
2-2: Ball
3-2: DOUBLE (Line Drive, 9LM)
Tony Varela scores
Kevin Wilson scores
Ron Garrett to third
Runner from 3rd tries for Home, SAFE, no throw
Batting: RHB Dan Salazar 0-0: Fly out, F2 (Popup, 23F)
Batting: LHB Jean Beauchemin 0-0: Ball
1-0: Ball
2-0: Foul Ball, location: 2F
2-1: Fly out, F8 (Flyball, 8LXD)
Top of the 1st over - 3 runs, 1 hit, 0 errors, 1 left on base; Chula Vista 3 - Surrey 0
BOTTOM OF THE 1ST
Surrey Sinners batting - Pitching for Chula Vista Tacos : RHP Maurice Green
Pitching: RHP Maurice Green
Batting: RHB Dennis House 0-0: Called Strike
0-1: Ball
1-1: Swinging Strike
1-2: Foul Ball, location: 2F
1-2: Foul Ball, location: 2F
1-2: Ball
2-2: Ground out 4-3 (Groundball, 4M)
Batting: RHB Robert Sipple 0-0: Swinging Strike
0-1: DOUBLE (Line Drive, 9D)
Batting: LHB Ernesto Meléndez 0-0: Foul Ball, location: 2F
0-1: Fly out, F9 (Flyball, 89M)
Batting: SHB Norberto Muńóz 0-0: Called Strike
0-1: Foul Ball, location: 2F
0-2: Ball
1-2: Ball
2-2: Strikes out swinging
Bottom of the 1st over - 0 runs, 1 hit, 0 errors, 1 left on base; Chula Vista 3 - Surrey 0
TOP OF THE 2ND
Chula Vista Tacos batting - Pitching for Surrey Sinners : LHP Cedric Duncan
Batting: LHB Bruce Shelton 0-0: Ball
1-0: Foul Ball, location: 2F
1-1: Foul Ball, location: 2F
1-2: Hit by Pitch
Batting: RHB Guillermo Deleón 0-0: Called Strike
0-1: Foul Ball, location: 2F
0-2: Ball
1-2: Ball
2-2: Foul Ball, location: 2F
2-2: Strikes out swinging
Batting: SHB Tony Varela 0-0: SINGLE (Line Drive, 89S)
Bruce Shelton to second
Runner from 2nd tries for 3rd, SAFE, no throw
Batting: RHB Kevin Wilson 0-0: Called Strike
0-1: Ball
1-1: Fly out, F8 (Flyball, 8RM)
Runner from 3rd tags up, SCORES, no throw
Batting: RHB Ron Garrett 0-0: Ball
Tony Varela steals 2nd base
1-0: Foul Ball, location: 2F
1-1: Called Strike
1-2: Strikes out looking
Top of the 2nd over - 1 run, 1 hit, 0 errors, 1 left on base; Chula Vista 4 - Surrey 0
BOTTOM OF THE 2ND
Surrey Sinners batting - Pitching for Chula Vista Tacos : RHP Maurice Green
Batting: LHB Joe Spears 0-0: Swinging Strike
0-1: Swinging Strike
0-2: Ball
1-2: Ball
2-2: Strikes out swinging
Batting: RHB Pat Simms 0-0: Swinging Strike
0-1: Called Strike
0-2: Foul Ball, location: 2F
0-2: Ball
1-2: Ball
2-2: Strikes out swinging
Batting: RHB Don Jackson 0-0: Called Strike
0-1: Ball
1-1: Ground out 6-3 (Groundball, 6D)
Bottom of the 2nd over - 0 runs, 0 hits, 0 errors, 0 left on base; Chula Vista 4 - Surrey 0
TOP OF THE 3RD
Chula Vista Tacos batting - Pitching for Surrey Sinners : LHP Cedric Duncan
Batting: RHB Germán Ontiveros 0-0: Ball
1-0: Foul Ball, location: 2F
1-1: Swinging Strike
1-2: Ground out 6-3 (Groundball, 6)
Batting: LHB Vernon Hill 0-0: Fly out, F7 (Flyball, 78M)
Batting: RHB Dan Salazar 0-0: Ball
1-0: Ball
2-0: Called Strike
2-1: Called Strike
2-2: Strikes out looking
Top of the 3rd over - 0 runs, 0 hits, 0 errors, 0 left on base; Chula Vista 4 - Surrey 0
BOTTOM OF THE 3RD
Surrey Sinners batting - Pitching for Chula Vista Tacos : RHP Maurice Green
Batting: RHB Jesús Herrera 0-0: Called Strike
0-1: Called Strike
0-2: Ball
1-2: Strikes out swinging
Batting: RHB Jason Nava 0-0: DOUBLE (Flyball, 8RXD)
Batting: RHB Dennis House 0-0: Ball
1-0: Called Strike
1-1: Called Strike
1-2: Ball
2-2: Strikes out swinging
Batting: RHB Robert Sipple 0-0: Ball
1-0: Foul Ball, location: 2F
1-1: Swinging Strike
1-2: Foul Ball, location: 2F
1-2: Ball
2-2: Strikes out looking
Bottom of the 3rd over - 0 runs, 1 hit, 0 errors, 1 left on base; Chula Vista 4 - Surrey 0
TOP OF THE 4TH
Chula Vista Tacos batting - Pitching for Surrey Sinners : LHP Cedric Duncan
Batting: LHB Jean Beauchemin 0-0: Ball
1-0: Called Strike
1-1: Ball
2-1: Foul Ball, location: 2F
2-2: Foul Ball, location: 2F
2-2: Strikes out swinging
Batting: LHB Bruce Shelton 0-0: DOUBLE (Groundball, 3L) - OUT at third base trying to stretch hit.
Batting: RHB Guillermo Deleón 0-0: Ball
1-0: Called Strike
1-1: Called Strike
1-2: Foul Ball, location: 2F
1-2: Foul Ball, location: 2F
1-2: Fly out, F8 (Flyball, 8RS)
Top of the 4th over - 0 runs, 1 hit, 0 errors, 0 left on base; Chula Vista 4 - Surrey 0
BOTTOM OF THE 4TH
Surrey Sinners batting - Pitching for Chula Vista Tacos : RHP Maurice Green
Batting: LHB Ernesto Meléndez 0-0: Called Strike
0-1: Ball
1-1: Foul Ball, location: 2F
1-2: Foul Ball, location: 2F
1-2: Ground out 4-3 (Groundball, 4)
Batting: SHB Norberto Muńóz 0-0: Called Strike
0-1: Ball
1-1: SINGLE (Line Drive, 34D)
Batting: LHB Joe Spears 0-0: Ball
1-0: Ball
2-0: Foul Ball, location: 2F
2-1: Ball
3-1: Base on Balls
Norberto Muńóz to second
Batting: RHB Pat Simms 0-0: Fly out, F7 (Flyball, 7D)
Batting: RHB Don Jackson 0-0: Ground out 4-3 (Groundball, 4)
Bottom of the 4th over - 0 runs, 1 hit, 0 errors, 2 left on base; Chula Vista 4 - Surrey 0
TOP OF THE 5TH
Chula Vista Tacos batting - Pitching for Surrey Sinners : LHP Cedric Duncan
Batting: SHB Tony Varela 0-0: Ball
1-0: Called Strike
1-1: Swinging Strike
1-2: Foul Ball, location: 2F
1-2: Strikes out looking
Batting: RHB Kevin Wilson 0-0: Called Strike
0-1: Foul Ball, location: 2F
0-2: Ball
1-2: Strikes out looking
Batting: RHB Ron Garrett 0-0: Called Strike
0-1: Called Strike
0-2: Foul Ball, location: 2F
0-2: Ball
1-2: Fly out, F7 (Flyball, 78D)
Top of the 5th over - 0 runs, 0 hits, 0 errors, 0 left on base; Chula Vista 4 - Surrey 0
BOTTOM OF THE 5TH
Surrey Sinners batting - Pitching for Chula Vista Tacos : RHP Maurice Green
Batting: RHB Jesús Herrera 0-0: Ball
1-0: Called Strike
1-1: Ball
2-1: DOUBLE (Groundball, 5L)
Batting: RHB Jason Nava 0-0: Called Strike
0-1: Foul Ball, location: 2F
0-2: Ball
1-2: Ball
2-2: SINGLE (Groundball, 56D)
Jesús Herrera to third
Batting: RHB Dennis House 0-0: Ball
1-0: Called Strike
1-1: Called Strike
1-2: Strikes out looking
Batting: RHB Robert Sipple 0-0: Ball
1-0: Ball
2-0: Called Strike
2-1: Foul Ball, location: 2F
2-2: Foul Ball, location: 2F
2-2: Ball
3-2: Strikes out looking
Jason Nava is caught stealing 2nd base
Batter strikes out.
Bottom of the 5th over - 0 runs, 2 hits, 0 errors, 1 left on base; Chula Vista 4 - Surrey 0
TOP OF THE 6TH
Chula Vista Tacos batting - Pitching for Surrey Sinners : LHP Cedric Duncan
Batting: RHB Germán Ontiveros 0-0: Hit by Pitch
Batting: LHB Vernon Hill 0-0: Ball
1-0: Ball
2-0: Ball
3-0: Called Strike
3-1: Fielders Choice at 2nd, 6-4 (Groundball, 6)
Batting: RHB Dan Salazar 0-0: Called Strike
0-1: Called Strike
0-2: Ball
1-2: Ball
2-2: Ball
3-2: Foul Ball, location: 2F
3-2: Fly out, F7 (Flyball, 7LS)
Batting: LHB Jean Beauchemin 0-0: Foul Ball, location: 2F
0-1: Ball
1-1: Swinging Strike
1-2: Foul Ball, location: 2F
1-2: Ball
2-2: Strikes out looking
Top of the 6th over - 0 runs, 0 hits, 0 errors, 1 left on base; Chula Vista 4 - Surrey 0
BOTTOM OF THE 6TH
Surrey Sinners batting - Pitching for Chula Vista Tacos : RHP Maurice Green
Batting: LHB Ernesto Meléndez 0-0: Ball
1-0: Ball
2-0: SINGLE (Groundball, 34D)
Batting: SHB Norberto Muńóz 0-0: Ball
Ernesto Meléndez steals 2nd base
1-0: Foul Ball, location: 2F
1-1: Fly out, F3 (Line Drive, 3)
Batting: LHB Joe Spears 0-0: Ball
1-0: Called Strike
1-1: Ball
2-1: Swinging Strike
2-2: Ball
3-2: Foul Ball, location: 2F
3-2: Foul Ball, location: 2F
3-2: Ground out 6-3 (Groundball, 6S)
Ernesto Meléndez to third
Batting: RHB Pat Simms 0-0: Foul Ball, location: 2F
0-1: Ball
1-1: SINGLE (Groundball, 56D)
Ernesto Meléndez scores
Batting: RHB Don Jackson 0-0: Ball
1-0: Foul Ball, location: 2F
1-1: Called Strike
1-2: Ball
Pat Simms is caught stealing 2nd base
Bottom of the 6th over - 1 run, 2 hits, 0 errors, 0 left on base; Chula Vista 4 - Surrey 1
TOP OF THE 7TH
Chula Vista Tacos batting - Pitching for Surrey Sinners : LHP Cedric Duncan
Pitching: LHP Dalton Hayes
Batting: LHB Bruce Shelton 0-0: Ball
1-0: Foul Ball, location: 2F
1-1: Ball
2-1: Foul Ball, location: 2F
2-2: Strikes out swinging
Batting: RHB Guillermo Deleón 0-0: Called Strike
0-1: Foul Ball, location: 2F
0-2: Ball
1-2: Foul Ball, location: 2F
1-2: Fly out, F8 (Flyball, 8RS)
Batting: SHB Tony Varela 0-0: Called Strike
0-1: Called Strike
0-2: Ball
1-2: Strikes out swinging
Top of the 7th over - 0 runs, 0 hits, 0 errors, 0 left on base; Chula Vista 4 - Surrey 1
BOTTOM OF THE 7TH
Surrey Sinners batting - Pitching for Chula Vista Tacos : RHP Maurice Green
Pitching: RHP Ron Davis
Batting: RHB Don Jackson 0-0: Foul Ball, location: 2F
0-1: Swinging Strike
0-2: Strikes out swinging
Batting: RHB Jesús Herrera 0-0: Ground out 1-3 (Groundball, 13)
Batting: RHB Jason Nava 0-0: Fly out, F9 (Flyball, 9)
Bottom of the 7th over - 0 runs, 0 hits, 0 errors, 0 left on base; Chula Vista 4 - Surrey 1
TOP OF THE 8TH
Chula Vista Tacos batting - Pitching for Surrey Sinners : LHP Dalton Hayes
Batting: RHB Kevin Wilson 0-0: Called Strike
0-1: Ball
1-1: Swinging Strike
1-2: Strikes out swinging, 2-3 out at first.
Batting: RHB Ron Garrett 0-0: Called Strike
0-1: Foul Ball, location: 2F
0-2: Foul Ball, location: 2F
0-2: Ball
1-2: Ball
2-2: Strikes out swinging
Batting: RHB Germán Ontiveros 0-0: Ball
1-0: Swinging Strike
1-1: Foul Ball, location: 2F
1-2: Foul Ball, location: 2F
1-2: Ball
2-2: Ball
3-2: Foul Ball, location: 2F
3-2: Base on Balls
Batting: LHB Vernon Hill 0-0: Ball
1-0: Ball
2-0: Ball
3-0: Called Strike
3-1: Called Strike
3-2: Strikes out swinging
Top of the 8th over - 0 runs, 0 hits, 0 errors, 1 left on base; Chula Vista 4 - Surrey 1
BOTTOM OF THE 8TH
Surrey Sinners batting - Pitching for Chula Vista Tacos : RHP Ron Davis
Now at 3B: Juan Vélez
Batting: RHB Dennis House 0-0: Called Strike
0-1: Ball
1-1: Foul Ball, location: 2F
1-2: SINGLE (Line Drive, 89M)
Batting: RHB Robert Sipple 0-0: Called Strike
0-1: Fielders Choice at 2nd, 6-4 (Groundball, 6)
Batting: LHB Ernesto Meléndez 0-0: Ball
1-0: Foul Ball, location: 2F
1-1: Called Strike
1-2: Foul Ball, location: 2F
1-2: Fly out, F7 (Flyball, 7D)
Batting: SHB Norberto Muńóz 0-0: Called Strike
0-1: Ball
1-1: Foul Ball, location: 2F
1-2: Ball
2-2: Ball
3-2: Base on Balls
Robert Sipple to second
Batting: LHB Joe Spears 0-0: Called Strike
0-1: Called Strike
0-2: Ball
1-2: Foul Ball, location: 2F
1-2: Ground out 4-3 (Groundball, 4)
Bottom of the 8th over - 0 runs, 1 hit, 0 errors, 2 left on base; Chula Vista 4 - Surrey 1
TOP OF THE 9TH
Chula Vista Tacos batting - Pitching for Surrey Sinners : LHP Dalton Hayes
Batting: RHB Dan Salazar 0-0: Called Strike
0-1: Ball
1-1: Ball
2-1: Ground out 5-3 (Groundball, 56)
Batting: LHB Jean Beauchemin 0-0: SOLO HOME RUN (Flyball, 7D), Distance : 365 ft
Batting: LHB Bruce Shelton 0-0: Called Strike
0-1: Ball
1-1: Ground out U3 (Groundball, 3)
Batting: RHB Guillermo Deleón 0-0: Ball
1-0: Ball
2-0: Called Strike
2-1: Ball
3-1: Swinging Strike
3-2: Strikes out swinging
Top of the 9th over - 1 run, 1 hit, 0 errors, 0 left on base; Chula Vista 5 - Surrey 1
BOTTOM OF THE 9TH
Surrey Sinners batting - Pitching for Chula Vista Tacos : RHP Ron Davis
Batting: RHB Pat Simms 0-0: Foul Ball, location: 2F
0-1: Swinging Strike
0-2: Strikes out swinging
Batting: RHB Don Jackson 0-0: Ball
1-0: Called Strike
1-1: Foul Ball, location: 2F
1-2: Foul Ball, location: 2F
1-2: DOUBLE (Line Drive, 8LD)
Batting: RHB Jesús Herrera 0-0: Ball
1-0: DOUBLE (Line Drive, 8LXD)
Don Jackson scores
Pitching: RHP Pat Hanna
Batting: RHB Jason Nava 0-0: Ball
1-0: Foul Ball, location: 2F
1-1: Foul Ball, location: 2F
1-2: Ball
2-2: Strikes out swinging
Batting: RHB Dennis House 0-0: Called Strike
0-1: Ball
1-1: Called Strike
1-2: Ball
2-2: Foul Ball, location: 2F
2-2: Ground out 6-3 (Groundball, 56)
Bottom of the 9th over - 1 run, 2 hits, 0 errors, 1 left on base; Chula Vista 5 - Surrey 2
Saturday, December 16th, 2017 - OOTP Baseball 18.8 Build 76